 Dungeon Crawl Stone Soup version 0.30.1-9-gdf580d7c3d (webtiles) character file.

Game seed: 14686662489067784664

4762 Wiggles the Cleaver (level 10, -11/90 HPs)
             Began as a Minotaur Berserker on Oct 16, 2023.
             Was a High Priest of Trog.
             Mangled by a cyan ugly thing (12 damage)
             ... on level 8 of the Dungeon.
             The game lasted 00:14:56 (7684 turns).

Wiggles the Cleaver (Minotaur Berserker)            Turns: 7684, Time: 00:14:56

Health: -11/90     AC: 19    Str: 26    XL:     10   Next: 23%
Magic:  9/9        EV:  9    Int:  4    God:    Trog [*****.]
Gold:   881        SH:  0    Dex: 13    Spells: 9/9 levels left

rFire   + . .        u - +4 battleaxe (heavy)
rCold   + + +        (shield currently unavailable)
rNeg    . . .        v - +1 plate armour
rPois   +            (helmet restricted)
rElec   .            j - +0 cloak
rCorr   .            (no gloves)
SInv    +            f - +1 pair of boots of Courage {rPois rC+}
Will    .....        I - amulet of the acrobat Stlth
                     E - ring of protection from cold
HPRegen 0.35/turn    K - ring "Nuluask" {Fly rF+ rC+ Dex+3 SInv}
MPRegen 0.11/turn

%: acrobat
@: on berserk cooldown, flying, slowed, studying Axes, very slow
A: horns 2, retaliatory headbutt
a: Renounce Religion, Berserk, Trog's Hand, Brothers in Arms


You were on level 8 of the Dungeon.
You worshipped Trog.
Trog was extremely pleased with you.
You visited 1 branch of the dungeon, and saw 8 of its levels.
You also visited: Bailey.

You collected 881 gold pieces.

Inventory:

Hand Weapons
 u - a +4 heavy battleaxe (weapon)
 w - a +0 war axe
 F - a +2 heavy hand axe
Missiles
 a - 3 throwing nets (quivered)
Armour
 f - the +1 pair of boots of Courage (worn) {rPois rC+}
   (You acquired it on level 7 of the Dungeon)

   rC:        It protects you from cold.
   rPois:     It protects you from poison.
 j - a +0 cloak (worn)
 v - a +1 plate armour (worn)
Jewellery
 c - an amulet of guardian spirit
 E - a ring of protection from cold (left hand)
 H - a ring of flight
 I - an amulet of the acrobat (around neck)
 K - the ring "Nuluask" (right hand) {Fly rF+ rC+ Dex+3 SInv}
   (You acquired it on level 7 of the Dungeon)

   [ring of see invisible]

   Dex:       It affects your dexterity (+3).
   rF:        It protects you from fire.
   rC:        It protects you from cold.
   SInv:      It lets you see invisible.
   Fly:       It grants you flight.
Wands
 q - a wand of acid (17)
 x - a wand of charming (2)
 C - a wand of flame (20)
Scrolls
 e - 2 scrolls of teleportation
 m - 2 scrolls of amnesia
Potions
 b - 7 potions of flight
 d - 2 potions of curing
 h - a potion of attraction
 i - 3 potions of brilliance
 l - 5 potions of haste
 n - 3 potions of magic
 o - a potion of ambrosia
 r - a potion of berserk rage
 s - a potion of heal wounds
 t - a potion of degeneration
 D - a potion of mutation {unknown}
 G - a potion of invisibility {unknown}


   Skills:
 + Level 8.9 Fighting
 + Level 14.1 Axes
 + Level 9.6 Armour
 + Level 3.6 Dodging
 + Level 1.7 Stealth


You had 9 spell levels left.
You didn't know any spells.
Your spell library was empty.

Dungeon Overview and Level Annotations

Branches:
Dungeon (8/15)             Temple (0/1) D:5          Bailey (visited)
   Lair: D:8-11

Altars:
Hepliaklqana
Nemelex Xobeh
Okawaru
Ru
Vehumet
Yredelemnul
The Shining One

Shops:
D:4 :   D:6 *


Innate Abilities, Weirdness & Mutations

You have a pair of horns on your head.
You reflexively headbutt those who attack you in melee.


Message History

You slash the cyan ugly thing!
The cyan ugly thing burns!
The cyan ugly thing closely misses you. x2; The manticore bites you.
The manticore claws you! The manticore claws you.
The deep elf pyromancer hits you with a +0 rapier.
You cut the deep elf pyromancer into ribbons!!!
You kill the deep elf pyromancer!
Trog accepts your kill.
Trog appreciates your killing of a magic user.
You slash the manticore! You slash the cyan ugly thing!
You kill the cyan ugly thing!
Trog accepts your kill.
You carve the cyan ugly thing like a ham!!!
The cyan ugly thing gores you but does no damage.
The manticore bites you. The manticore closely misses you.
The manticore claws you but does no damage.
Your Axes skill increases to level 14!
The cyan ugly thing gores you but does no damage.
The jelly misses you. You furiously retaliate!
You headbutt the jelly!
Things that are here:
a +0 rapier; an elf corpse You feel a strong urge to attack something.
The cyan ugly thing misses you.
You are no longer berserk.
You are exhausted.
You feel yourself slow down.
You completely miss the cyan ugly thing.
You headbutt the cyan ugly thing!
The cyan ugly thing is almost dead.
You slice the manticore!! The cyan ugly thing gores you.
The cyan ugly thing shocks you!
* * * LOW HITPOINT WARNING * * *
The manticore bites you but does no damage.
The manticore claws you.
* * * LOW HITPOINT WARNING * * *
The manticore claws you.
* * * LOW HITPOINT WARNING * * *
The cyan ugly thing gores you!
* * * LOW HITPOINT WARNING * * *
The cyan ugly thing shocks you!
You die...

... ....# ...###
.$.# ....##..# ###
....#..## #...
#..#...#
#.)..#..#...#
..$:.(.J..#.#
.#..[.#uH.#.# ##..
#@..#.# ...
#...#.#.# ...
....##.#.# ##
......#..#.#
......###..#.##
..#####.......####
. ................
#....###....###
#..........##


You could see a cyan ugly thing, a manticore and a jelly.

Vanquished Creatures
  An ugly thing (D:8)
  A deep elf pyromancer (D:8)
  Joseph (D:8)
  A yak (D:6)
  A steam dragon (D:7)
  A vampire mosquito (D:6)
  2 water moccasins (D:6)
  7 orc warriors
  A sky beast (D:6)
  3 ogres
  A centaur (D:5)
  A phantom (D:6)
  2 bullfrogs
  A kobold brigand (D:5)
  A gnoll sergeant (D:6)
  5 scorpions
  3 howler monkeys
  A gnoll bouda (D:5)
  6 hounds
  3 jellies
  An orc priest (D:5)
  4 sleepcaps
  Crazy Yiuf (D:3)
  4 iguanas
  5 orc wizards
  Robin (D:3)
  34 gnolls
  5 adders
  2 shadow imps (D:6)
  A white imp (D:7)
  4 ufetubi
  2 worms
  2 dart slugs
  51 orcs
  4 bats
  3 endoplasms
  2 giant cockroaches
  26 goblins
  6 hobgoblins
  14 jackals
  18 kobolds
  2 quokkas (D:2)
  9 ball pythons
  4 frilled lizards
  3 rats
251 creatures vanquished.

Notes
Turn   | Place    | Note
-------+----------+-------------------------------------------
     0 | D:1      | Wiggles the Minotaur Berserker began the quest for the Orb.
     0 | D:1      | Reached XP level 1. HP: 19/19 MP: 0/0
   113 | D:1      | Reached XP level 2. HP: 27/27 MP: 1/1
   159 | D:1      | Reached skill level 4 in Axes
   725 | D:1      | Found a faded altar of an unknown god.
   928 | D:2      | Found an iron altar of Okawaru.
  1035 | D:2      | Reached XP level 3. HP: 28/33 MP: 0/2
  1841 | D:3      | Reached XP level 4. HP: 41/41 MP: 3/3
  1865 | D:3      | Noticed Robin
  1878 | D:3      | Killed Robin
  1883 | D:3      | Reached ** piety under Trog
  2129 | D:3      | Found a radiant altar of Vehumet.
  2141 | D:3      | Reached skill level 5 in Axes
  2141 | D:3      | Reached XP level 5. HP: 44/47 MP: 4/4
  2330 | D:3      | Found a runed translucent door.
  2331 | D:3      | Noticed Crazy Yiuf
  2339 | D:3      | Killed Crazy Yiuf
  2725 | D:4      | Found a basalt altar of Yredelemnul.
  2726 | D:4      | Found a sacrificial altar of Ru.
  2727 | D:4      | Found a glowing golden altar of the Shining One.
  3049 | D:4      | Reached skill level 6 in Axes
  3049 | D:4      | Reached XP level 6. HP: 46/55 MP: 3/5
  3106 | D:4      | Reached skill level 5 in Fighting
  3151 | D:4      | Found Yhal's Book Shop.
  3281 | D:4      | Found a hazy altar of Hepliaklqana.
  3628 | D:5      | Entered Level 5 of the Dungeon
  3639 | D:5      | HP: 4/84 [hound (2)]
  3640 | D:5      | HP: 1/84 [centaur (3)]
  3644 | D:5      | Reached skill level 5 in Armour
  3860 | D:5      | Reached skill level 1 in Stealth
  3860 | D:5      | Reached XP level 7. HP: 37/61 MP: 4/6
  3976 | D:5      | Reached skill level 7 in Axes
  4018 | D:5      | Reached *** piety under Trog
  4432 | D:5      | Reached skill level 8 in Axes
  4681 | D:5      | Reached **** piety under Trog
  4694 | D:5      | Reached XP level 8. HP: 70/70 MP: 7/7
  4890 | D:5      | Found a staircase to the Ecumenical Temple.
  5404 | D:5      | Found a sparkling altar of Nemelex Xobeh.
  5714 | D:6      | Reached skill level 9 in Axes
  5925 | D:6      | Reached skill level 10 in Axes
  5927 | D:6      | Reached XP level 9. HP: 69/79 MP: 5/8
  6261 | D:6      | Found Nost's Fire Supplies.
  6513 | D:7      | Reached skill level 11 in Axes
  7129 | D:7      | Identified 4 scrolls of acquirement
  7129 | D:7      | Acquired the +1 pair of boots of Courage {rPois rC+}
  7136 | D:7      | Acquired a manual of Axes
  7140 | D:7      | Acquired the ring "Nuluask" {Fly rF+ rC+ Dex+3 SInv}
  7145 | D:7      | Acquired a +3 heavy battleaxe
  7178 | D:8      | Found a flagged portal.
  7195 | D:8      | Noticed Joseph
  7209 | D:8      | Killed Joseph
  7210 | D:8      | Reached skill level 12 in Axes
  7230 | Bailey   | Entered a bailey
  7370 | Bailey   | Reached ***** piety under Trog
  7381 | Bailey   | Reached skill level 13 in Axes
  7478 | Bailey   | Identified the +10 dagger of Hacking and Slashing {speed,
                  | rElec rN+ Int+2}
  7537 | Bailey   | Reached XP level 10. HP: 84/88 MP: 7/9
  7672 | D:8      | Noticed a manticore
  7673 | D:8      | Noticed a cyan ugly thing
  7673 | D:8      | Noticed a deep elf pyromancer
  7673 | D:8      | Noticed a green ugly thing
  7680 | D:8      | Killed a deep elf pyromancer
  7680 | D:8      | Killed a cyan ugly thing
  7681 | D:8      | Reached skill level 14 in Axes
  7684 | D:8      | HP: 1/90 [cyan ugly thing (12)]
  7684 | D:8      | Mangled by a cyan ugly thing

Illustrated notes

Levels and vault maps discovered:
D:1:      dpeg_arrival_rooms_b, layout_basic, ebering_ecumenical_altar_rust
D:2:      layout_basic, basic_altar, serial_bayou_lagoon_a, minivault_14
D:3:      layout_rooms, fiery_altar_vehumet, nicolae_underground_beach,
          uniq_crazy_yiuf_cottage, uniq_robin
D:4:      layout_loops_corners, nicolae_overflow_quartered_altars, serial_shops,
          shop, minmay_misc_feat_chi, lightli_corner_chamber
D:5:      lemuel_castle_with_subvaults [lemuel_castle_interior_carwin_1],
          layout_basic, nemelex_dance_club_becter, minmay_temple_entry_mist
D:6:      cheibrodos_fzero, layout_rooms, st_stairs_8, minivault_27,
          nicolae_shop_fire_sale [nicolae_sub_dead_trees]
D:7:      layout_basic
D:8:      layout_loops_ring, enter_bailey_6, minmay_radiant, uniq_joseph

Skill      XL: |  1  2  3  4  5  6  7  8  9 10 |
---------------+-------------------------------+-----
Axes           | 4 5 6 8 10 13 14 | 14.1
Fighting       | 4 5 6 7 8 |  8.9
Armour         | 3 4 5 6 8 9 |  9.6
Dodging        | 3 |  3.6
Stealth        | 1 |  1.7

Action                     |  1- 3 |  4- 6 |  7- 9 | 10-12 || total
---------------------------+-------+-------+-------+-------++-------
  Melee: Hand axe          |    54 |    93 |    61 |       ||   208
         Headbutt          |     7 |    14 |    45 |     2 ||    68
         War axe           |       |       |   252 |       ||   252
         Punch             |       |       |     4 |       ||     4
         Battleaxe         |       |       |    48 |     9 ||    57
 Invoke: Berserk           |     2 |     2 |     3 |     1 ||     8
    Use: Scroll            |       |       |    23 |       ||    23
 Armour: Animal skin       |     1 |       |       |       ||     1
         Scale mail        |     8 |    20 |       |       ||    28
         Chain mail        |       |    14 |       |       ||    14
         Plate armour      |       |    37 |   258 |    11 ||   306
  Dodge: Dodged            |    34 |    56 |   186 |    13 ||   289
